 Dungeon Crawl Stone Soup version 0.26.1-10-gdfb7c7de75 (webtiles) character file.

Game seed: 15045211478876809289

44 GenialerGandalf the Skirmisher (level 3, 0/33 HPs)
             Began as a Hill Orc Fighter on Apr 6, 2021.
             Slain by Natasha (6 damage)
             ... on level 1 of the Dungeon.
             The game lasted 00:04:08 (1097 turns).

GenialerGandalf the Skirmisher (Hill Orc Fighter)   Turns: 1097, Time: 00:04:08

Health: 0/33       AC:  7    Str: 19    XL:     3   Next: 62%
Magic:  3/3        EV:  7    Int:  8    God:
Gold:   57         SH:  9    Dex: 10    Spells: 2/2 levels left

rFire    . . .     SeeInvis .   a - +0 war axe
rCold    . . .     Faith    .   c - +0 kite shield
rNeg     . . .     Spirit   .   b - +0 scale mail
rPois    .         Reflect  .   (no helmet)
rElec    .         Harm     .   (no cloak)
rCorr    .         Rampage  .   (no gloves)
Will     .....                  (no boots)
Stlth    ..........             (no amulet)
HPRegen  0.11/turn              (no ring)
MPRegen  0.08/turn              (no ring)

@: no status effects
A: no striking features
a: no special abilities


You were on level 1 of the Dungeon.
You visited 1 branch of the dungeon, and saw 2 of its levels.

You collected 57 gold pieces.

Inventory:

Hand Weapons
 a - a +0 war axe (weapon)
Missiles
 e - 7 stones (quivered)
 j - 2 atropa-tipped darts
 k - 8 arrows
 l - 17 poisoned darts
Armour
 b - a +0 scale mail (worn)
 c - a +0 kite shield (worn)
Jewellery
 m - an uncursed ring of ice
Scrolls
 h - a scroll of identify {unknown}
 i - 2 scrolls of enchant armour {unknown}
 n - a scroll of remove curse {unknown}
Potions
 d - a potion of might
 f - a potion of curing {unknown}
 g - 2 potions of attraction {unknown}
 o - a potion of brilliance {unknown}


   Skills:
 + Level 4.1 Fighting
 + Level 3.5 Axes
 + Level 3.7 Armour
 + Level 0.1 Dodging
 + Level 3.7 Shields


You had 2 spell levels left.
You didn't know any spells.
Your spell library was empty.

Dungeon Overview and Level Annotations

Branches:
Dungeon (2/15)

Altars:

Annotations:
D:1 Natasha


Message History

Natasha stares at you and mumbles some strange words.
The magic dart hits you.
* * * LOW HITPOINT WARNING * * *
You block the giant cockroach's attack. x2
You block Natasha's attack. You block the giant cockroach's attack.
Natasha claws you but does no damage.
The giant cockroach bites you but does no damage.
You slash the giant cockroach!
You kill the giant cockroach!
You closely miss Natasha. Natasha claws you.
* * * LOW HITPOINT WARNING * * *
You block Natasha's attack. Natasha claws you.
* * * LOW HITPOINT WARNING * * *
Natasha mumbles some strange words.
You see here a giant cockroach corpse.
You block Natasha's attack.
You feel yourself speed up. Natasha claws you.
You die...

######.# #.......#.# #...#
#....#.# #####.......#.# #.###
.)##...# #...........#.# #.#
..###### #.............# #.#
....# #...........#.###.# ###.#
#.................# ....#
#...............###
###############.h†...>##.###
###............5@.....#....#
..#.######..#######.#.#..#.######
#.#.#...#...[....................
..#.#.........#...#.#...#........
..#.#..........#.#...#.#.........
###.#.......#...#.....#...#......
....#........#..#.....#..#.......
...##.....#...###.....###...#...#
##......[..#..#..#...#..#..#....#


You could see Natasha and a shadow imp (summoned).

Vanquished Creatures
  An ooze (D:1)
  2 leopard geckos (D:1)
  2 ball pythons (D:1)
  4 giant cockroaches
  3 goblins (D:1)
  3 hobgoblins
  3 jackals (D:1)
  5 bats
  A frilled lizard (D:1)
  6 kobolds
  6 rats (D:1)
36 creatures vanquished.

Notes
Turn   | Place    | Note
-------+----------+-------------------------------------------
     0 | D:1      | GenialerGandalf the Hill Orc Fighter began the quest for
                  | the Orb.
     0 | D:1      | Reached XP level 1. HP: 19/19 MP: 1/1
   131 | D:1      | Reached XP level 2. HP: 27/27 MP: 2/2
   382 | D:1      | Reached XP level 3. HP: 33/33 MP: 3/3
   890 | D:1      | Reached skill level 4 in Fighting
  1069 | D:2      | Noticed Natasha
  1097 | D:1      | Slain by Natasha

Illustrated notes

Levels and vault maps discovered:
D:1:      onia_arrival_handbag, layout_basic, minmay_splitting_lines
D:2:      layout_rooms, gammafunk_temple_overflow_claw,
          chequers_ecumenical_altar_island, grunt_ministairs_13, uniq_sigmund,
          uniq_natasha

Skill      XL: |  1  2  3 |
---------------+----------+-----
Axes           | 3 |  3.5
Fighting       | 4 |  4.1
Armour         | |  3.7
Dodging        | |  0.1
Shields        | |  3.7

Action                   || total
-------------------------++-------
Melee: War axe           ||   103
Armor: Scale mail        ||   118
Dodge: Dodged            ||    63
Block: Kite shield       ||   119
